 Dungeon Crawl Stone Soup version 0.30-a0-760-g5a9884bb7c (webtiles) character file.

Game seed: 5635695088983255691

1904 funkygono the Firebug (level 9, 0/46 HPs)
             Began as a Gargoyle Fire Elementalist on Feb 10, 2023.
             Was a Follower of Vehumet.
             Slain by Pikel
             ... wielding a +2 whip of freezing
              (5 damage)
             ... on level 7 of the Dungeon.
             The game lasted 00:12:22 (6374 turns).

funkygono the Firebug (Gargoyle Fire Elementalist)  Turns: 6374, Time: 00:12:22

Health: 0/46       AC:  9    Str: 13    XL:     9   Next: 15%
Magic:  6/19       EV: 12    Int: 19    God:    Vehumet [*.....]
Gold:   397        SH:  0    Dex: 10    Spells: 4/21 levels left

rFire   + . .      SeeInvis .    y - +1 whip (heavy)
rCold   . . .      Faith    .    (no shield)
rNeg    + . .      Spirit   .    a - +0 robe
rPois   ∞          Reflect  .    (no helmet)
rElec   +          Harm     .    (no cloak)
rCorr   +          Rampage  .    (no gloves)
Will    .....                    k - +0 pair of boots
Stlth   ++                       q - amulet of magic regeneration
HPRegen 0.27/turn                i - ring of protection from fire
MPRegen 0.56/turn                E - ring of resist corrosion

@: no status effects
A: sickness immunity, AC +6, negative energy resistance 1, electricity
resistance, torment resistance 1, petrification resistance
a: Renounce Religion


You were on level 7 of the Dungeon.
You worshipped Vehumet.
Vehumet was aware of your devotion.
You visited 2 branches of the dungeon, and saw 8 of its levels.
You also visited: Sewer.

You collected 397 gold pieces.

Inventory:

Hand Weapons
 j - a +2 mace of holy wrath
 y - a +1 heavy whip (weapon)
Armour
 a - a +0 robe (worn)
 k - a +0 pair of boots (worn)
Magical Staves
 n - a staff of poison
Jewellery
 i - a ring of protection from fire (left hand)
 q - an amulet of magic regeneration (around neck)
 E - a ring of resist corrosion (right hand)
Wands
 A - a wand of digging (3)
 D - a wand of flame (36)
Scrolls
 c - 2 scrolls of identify
 g - a scroll of blinking
 p - 3 scrolls of teleportation
 s - 4 scrolls of immolation
Potions
 b - a potion of magic
 d - a potion of attraction
 e - a potion of ambrosia
 f - a potion of resistance
 h - 3 potions of flight
 m - 4 potions of mutation
 r - 2 potions of curing
 t - 2 potions of invisibility
 u - 2 potions of heal wounds
 w - 2 potions of haste


   Skills:
 + Level 0.4 Fighting
 + Level 0.5 Maces & Flails
 + Level 2.4 Dodging
 - Level 2.1 Stealth
 + Level 6.7 Spellcasting
 + Level 6.1 Conjurations
 + Level 7.5 Fire Magic


You had 4 spell levels left.
You knew the following spells:

 Your Spells              Type           Power      Damage    Failure   Level
a - Foxfire               Conj/Fire      100%       2x1d9     1%          1
b - Scorch                Fire           70%        2d9       1%          2
c - Kindle Blastsparks    Fire/Tloc/Air  30%        2d12      11%         3
d - Flame Wave            Conj/Fire      32%        2d9       6%          4
e - Magic Dart            Conj           100%       1d8       1%          1
f - Starburst             Conj/Fire      16%        6d6       67%         6

Your spell library contained the following spells:

 Spells                   Type           Power      Damage    Failure   Level
 Shock                    Conj/Air       68%        1d7       3%          1
 Static Discharge         Conj/Air       34%        2-4/arc   4%          2
 Inner Flame              Hex/Fire       20%        N/A       7%          3
 Dazzling Flash           Conj/Hex       34%        N/A       9%          3
 Swiftness                Air            6%         N/A       30%         3
 Iskenderun's Mystic Bla  Conj/Tloc      17%        2d5       30%         4
 Airstrike                Air            3%         2d(1-17)  71%         4
 Summon Ice Beast         Ice/Summ       6%         N/A       71%         4
 Irradiate                Conj/Tmut      8%         3d14      63%         5
 Agony                    Necr           6%         N/A       96%         5
 Silence                  Hex/Air        3%         N/A       96%         5
 Summon Mana Viper        Hex/Summ       6%         N/A       96%         5
 Monstrous Menagerie      Summ           3%         N/A       100%        7
 Spellforged Servitor     Conj/Summ      8%         N/A       100%        7
 Fire Storm               Conj/Fire      16%        8d4       100%        9


Dungeon Overview and Level Annotations

Branches:
Dungeon (7/15)             Temple (1/1) D:5           Sewer (visited)

Altars:
Ashenzari
Cheibriados
Dithmenos
Elyvilon
Gozag
Hepliaklqana
Kikubaaqudgha
Makhleb
Nemelex Xobeh
Okawaru
Qazlal
Ru
Trog
Vehumet
Zin
The Shining One

Shops:
D:7 [

Annotations:
D:7 Pikel


Innate Abilities, Weirdness & Mutations

You are immune to sickness and miasma.
Your stone body is resilient. (AC +6)
You are immune to poison.
You resist negative energy. (rN+)
You are resistant to electric shocks. (rElec)
You are resistant to unholy torment.
You are immune to petrification.


Message History

The flame wave engulfs the lemure.
The lemure is heavily wounded.
The flame wave engulfs the lemure!
The lemure is almost dead.
You finish channelling waves of flame.
Pikel completely misses you.
Casting: Flame Wave (dangerous; 6% risk of failure)
Confirm with . or Enter, or press ? or * to list all spells.
Casting: Flame Wave (dangerous; 6% risk of failure)
Press: ? - help, Dir - look around, f - activate A wave of flame ripples out!
The flame wave engulfs Pikel!
Pikel is severely wounded. (Press . to intensify the flame waves.) Pikel hits you with a +2 whip of freezing!
Pikel freezes you.
Unknown command.
A wave of flame ripples out!
The flame wave engulfs Pikel!
Pikel is almost dead.
The flame wave engulfs the lemure!
The lemure is almost dead.
The flame wave engulfs the lemure!
You kill the lemure!
That felt strangely unrewarding.
Pikel hits you but does no damage.
A wave of flame ripples out!
The flame wave engulfs Pikel.
Pikel is almost dead.
The flame wave engulfs the lemure!
You kill the lemure!
That felt strangely unrewarding.
You finish channelling waves of flame.
Pikel barely misses you.
Casting: Flame Wave (dangerous; 6% risk of failure)
Confirm with . or Enter, or press ? or * to list all spells.
You conjure some foxfire!
Pikel hits you with a +2 whip of freezing!
* * * LOW HITPOINT WARNING * * *
Pikel freezes you.
* * * LOW HITPOINT WARNING * * *
Casting: Foxfire (safe; 1% risk of failure)
Confirm with . or Enter, or press ? or * to list all spells.
Flames lash Pikel but do no damage.
Pikel hits you with a +2 whip of freezing.
You die...

##.#####.##...##..# #.#
#..........####### #.#
#...............). #.#
#..........####### ###.#
#.##...##..# #...#
#..........# #.###
#....5.....# ## #.#
#K###.###..# #.
#.#######@###.###..## #.
#.##....vv.......5..# #.
#.##.####......#....#####.
#.##.####.)##..#....##...∩
#.##.##.............##....
#.##.##.#......#....####..
#.##.##.#...........# #..
#.##.............#... ...
#.......##.....####.######


You could see Pikel (ally target).

Vanquished Creatures
  2 steam dragons
  2 orc warriors
  A black bear (D:5)
  An ice beast (D:6)
  2 sky beasts (D:6)
  An ogre (D:4)
  A centaur (D:6)
  4 lemures (D:7)
  A kobold brigand (D:3)
  A gnoll sergeant (D:6)
  A bullfrog (D:5)
  A necrophage (D:7)
  2 scorpions
  2 hounds
  3 jellies
  4 orc wizards
  An iguana (D:4)
  6 gnolls
  4 adders
  4 river rats (Sewer)
  2 white imps (D:5)
  An ufetubus (D:4)
  8 worms
  A dart slug (D:1)
  14 orcs
  8 ball pythons
  4 bats
  11 endoplasms
  7 giant cockroaches
  8 goblins
  10 hobgoblins
  6 jackals
  3 quokkas
  6 frilled lizards
  6 kobolds
  5 rats
144 creatures vanquished.

Vanquished Creatures (others)
  561 foxfires
  12 fungi (D:7)
573 creatures vanquished.

Grand Total: 717 creatures vanquished

Notes
Turn   | Place    | Note
-------+----------+-------------------------------------------
     0 | D:1      | funkygono the Gargoyle Fire Elementalist began the quest
                  | for the Orb.
     0 | D:1      | Reached XP level 1. HP: 10/10 MP: 3/3
   287 | D:1      | Reached XP level 2. HP: 15/15 MP: 3/5
   290 | D:1      | Learned a level 2 spell: Scorch
   751 | D:1      | Reached XP level 3. HP: 19/19 MP: 3/6
   755 | D:1      | Learned a level 3 spell: Kindle Blastsparks
  2132 | D:2      | Reached XP level 4. HP: 24/24 MP: 1/7
  2430 | D:3      | Reached skill level 4 in Fire Magic
  2746 | D:3      | Reached XP level 5. HP: 28/28 MP: 9/9
  2755 | D:3      | Found a glowing drain.
  2760 | Sewer    | Entered a sewer
  2942 | Sewer    | Reached XP level 6. HP: 32/32 MP: 7/10
  2952 | Sewer    | Found a viscous altar of Jiyva.
  3855 | D:4      | Reached skill level 5 in Fire Magic
  3855 | D:4      | Reached XP level 7. HP: 36/36 MP: 9/13
  4140 | D:4      | Found an ancient bone altar of Kikubaaqudgha.
  4279 | D:5      | Entered Level 5 of the Dungeon
  4453 | D:5      | Found a staircase to the Ecumenical Temple.
  4471 | Temple   | Entered the Ecumenical Temple
  4493 | Temple   | Became a worshipper of Vehumet
  4874 | D:5      | Reached skill level 6 in Fire Magic
  4874 | D:5      | Reached XP level 8. HP: 41/41 MP: 11/15
  5071 | D:5      | Learned a level 4 spell: Flame Wave
  5096 | D:6      | Reached skill level 5 in Spellcasting
  5106 | D:6      | Reached skill level 5 in Conjurations
  5177 | D:5      | Identified a scroll of acquirement
  5177 | D:5      | Acquired the Lessons on the Pneumatic Missiles
  5675 | D:6      | Found a snail-covered altar of Cheibriados.
  5726 | D:6      | Reached skill level 7 in Fire Magic
  6136 | D:6      | Learned a level 1 spell: Magic Dart
  6143 | D:6      | Learned a level 6 spell: Starburst
  6175 | D:7      | Found Fishrol's Antique Armour Emporium.
  6226 | D:7      | Reached XP level 9. HP: 46/46 MP: 15/18
  6337 | D:7      | Reached * piety under Vehumet
  6337 | D:7      | Offered knowledge of Shock by Vehumet.
  6342 | D:7      | Noticed Pikel
  6374 | D:7      | Slain by Pikel

Illustrated notes

Levels and vault maps discovered:
D:1:      dpeg_arrival_stone_temple_mockup, layout_loops_ring
D:2:      layout_basic
D:3:      layout_basic, gup_sewer_entry_bowl
D:4:      layout_basic, nicolae_overflow_crystal_walls,
          nicolae_concentric_dashed_squares_wild
D:5:      black_bear_nest_1, layout_cave_pools, minmay_temple_entry_waves
D:6:      layout_rooms, slow_altar_1
D:7:      old_forge, layout_loops_ring, nicolae_overflow_hidden_temple,
          serial_shops, nicolae_square_shop, uniq_menkaure, uniq_pikel
Temple:   dpeg_chambers_temple

Skill      XL: |  1  2  3  4  5  6  7  8  9 |
---------------+----------------------------+-----
Dodging        | 2 |  2.4
Fire Magic     | 4 5 6 7 |  7.5
Conjurations   | 2 3 4 5 6 |  6.1
Spellcasting   | 3 4 6 |  6.7
Fighting       | |  0.4
Maces & Flails | |  0.5
Stealth        | |  2.1

Action                     |  1- 3 |  4- 6 |  7- 9 || total
---------------------------+-------+-------+-------++-------
  Melee: Unarmed           |     4 |       |       ||     4
         Club              |       |     2 |       ||     2
         Whip              |       |       |     5 ||     5
   Cast: Foxfire           |    70 |   130 |   139 ||   339
         Scorch            |     5 |    11 |    24 ||    40
         Flame Wave        |       |       |     4 ||     4
    Use: Scroll            |       |       |    21 ||    21
 Armour: Robe              |    22 |     6 |    26 ||    54
  Dodge: Dodged            |    48 |    15 |    34 ||    97

Table legend: (Time is in decaauts)
 A = Elapsed time spent in this place.
 B = Non-inter-level travel time spent in this place.
 C = Inter-level travel time spent in this place.
 D = Time resting spent in this place.
 E = Time spent auto-exploring this place.
 F = Levels seen in this place.
 G = Mean time per level.
                   A        B        C        D        E       F      G
               +--------+--------+--------+--------+--------+-----+--------+
         Total |   6418 |   6108 |    310 |    185 |   4802 |   9 |  713.1 |
       Dungeon |   5839 |   5549 |    290 |    185 |   4407 |   7 |  834.1 |
        Temple |    264 |    244 |     20 |      0 |    228 |   1 |  264.0 |
         Sewer |    314 |    314 |      0 |      0 |    166 |   1 |  314.0 |
               +--------+--------+--------+--------+--------+-----+--------+

Top non-repeatable levels by time:
     D:1: 1335 daAuts
     D:2: 1035 daAuts
     D:3: 910 daAuts
     D:5: 869 daAuts
     D:6: 758 daAuts
     D:4: 724 daAuts
   Sewer: 314 daAuts
  Temple: 264 daAuts
     D:7: 204 daAuts
